 Dungeon Crawl Stone Soup version 0.31.0-11-ge490571c62 (webtiles) character file.

Game seed: 10677108037053717602

105 qw the Ducker (level 4, 0/22 HPs)
             Began as a Spriggan Hunter on Feb 5, 2024.
             Slain by a rat (1 damage)
             ... in a sewer.
             The game lasted 00:01:49 (1794 turns).

qw the Ducker (Spriggan Hunter)                     Turns: 1794, Time: 00:01:49

Health: 0/22       AC:  2    Str:  7    XL:     4   Next: 54%
Magic:  5/5        EV: 17    Int: 10    God:
Gold:   119        SH:  0    Dex: 20    Spells: 3/3 levels left

rFire   . . .        a - +1 shortbow
rCold   . . .        (shield currently unavailable)
rNeg    . . .        c - +0 robe
rPois   .            (helmet restricted)
rElec   .            (no cloak)
rCorr   .            (gloves unavailable)
SInv    +            (boots unavailable)
Will    .....        (no amulet)
Stlth   ++           (no ring)
HPRegen 0.23/turn    (no ring)
MPRegen 0.09/turn

%: no passive effects
@: constricted, very quick
A: very small, no large weapons, unfitting armour, see invisible, speed 3
a: no special abilities


You were in a sewer.
You visited 1 branch of the dungeon, and saw 3 of its levels.
You also visited: Sewer.

You collected 119 gold pieces.


Innate Abilities, Weirdness & Mutations

You are very small and have problems with some larger weapons.
You are too small for most types of armour.
You have supernaturally acute eyesight. (SInv)
You cover ground extremely quickly. (Speed+++)


   Skills:
 + Level 1.6 Fighting
 - Level 5.0 Ranged Weapons
 - Level 5.1 Dodging
 - Level 1.5 Stealth


You had 3 spell levels left.
You didn't know any spells.
Your spell library was empty.

Inventory:

Hand Weapons
 a - a +1 shortbow (weapon)
Armour
 c - a +0 robe (worn)
Potions
 b - a potion of enlightenment {unknown}
 e - a potion of curing {unknown}
 f - a potion of resistance
 j - a potion of brilliance {unknown}

Dungeon Overview and Level Annotations

Branches:
Dungeon (3/15)              Sewer (1/1)

Altars:
Ashenzari
Vehumet


Message History

You shoot an arrow. The arrow hits the adder.
You kill the adder!
You feel sick. The rat barely misses you.
The rat splashes around in the water.
Your Dodging skill increases to level 5!
1787 ||| READING scroll of teleportation.
As you read the scroll of teleportation, it crumbles to dust.
You feel strangely unstable.
You feel sick.
You are no longer poisoned.
The rat splashes around in the water.
You shoot an arrow. The arrow barely misses the rat.
The rat completely misses you.
You shoot an arrow. The arrow hits the rat.
You kill the rat!
You start resting.
Your surroundings suddenly seem different. 3 ball pythons and 9 rats come into view.
The rat squeaks loudly. x5; The ball python hisses angrily.
The rat squeaks loudly. x2
The ball python misses you. The ball python closely misses you.
The rat squeaks loudly.
You shoot an arrow. The ball python hisses angrily.
The arrow hits the ball python!
You kill the ball python!
The rat completely misses you.
You shoot an arrow. The arrow closely misses the rat.
The rat barely misses you. The rat misses you. The ball python misses you.
The ball python grabs you. The ball python constricts you.
The rat barely misses you.
You shoot an arrow.
The arrow closely misses the ball python.
The ball python closely misses you. The ball python constricts you.
The rat closely misses you. The rat misses you. The rat closely misses you.
The ball python closely misses you. The ball python constricts you.
You shoot an arrow. The arrow hits the ball python.
The ball python is moderately wounded.
The rat bites you but does no damage. x3; The ball python bites you.
The ball python constricts you. The rat bites you.
You die...

~~...#
~.....
~~....
~.....#
#.....
#...r
#.rr##
#.rS@#


+.rrr# ##rrS# #...## #.... #..... ~.....# ~~.... You could see 2 ball pythons
and 9 rats.

Vanquished Creatures
  3 adders (Sewer)
  A river rat (Sewer)
  A dart slug (D:1)
  A ribbon worm (D:3)
  A bat (D:3)
  3 endoplasms (D:2)
  7 giant cockroaches
  A goblin (D:3)
  9 hobgoblins
  A jackal (D:2)
  7 kobolds
  5 quokkas (D:3)
  5 ball pythons
  A frilled lizard (D:1)
  18 rats
64 creatures vanquished.

Notes
Turn   | Place    | Note
-------+----------+-------------------------------------------
     0 | D:1      | qw the Spriggan Hunter began the quest for the Orb.
     0 | D:1      | Reached XP level 1. HP: 10/10 MP: 2/2
     0 | D:1      | 0 ||| qw: Version: 0.3-a-160-g6735b56
     0 | D:1      | 0 ||| qw: Game counter: 6392
     0 | D:1      | 0 ||| qw: Melee chars always use a shield: true
     0 | D:1      | 0 ||| qw: God list: Okawaru
     0 | D:1      | 0 ||| qw: Allow faded altars: false
     0 | D:1      | 0 ||| qw: Do Orc after clearing Dungeon:15 true
     0 | D:1      | 0 ||| qw: Do second Lair branch before Depths: true
     0 | D:1      | 0 ||| qw: Lair rune preference: random
     0 | D:1      | 0 ||| qw: Goals: Normal
     0 | D:1      | 0 ||| PLANNING D:1-11
   123 | D:1      | Reached skill level 3 in Dodging
   263 | D:1      | Reached XP level 2. HP: 14/14 MP: 3/3
   719 | D:1      | Found a faded altar of an unknown god.
   721 | D:1      | 721 ||| READING 2 scrolls labelled DORA SUESASSUT.
   721 | D:1      | 721 ||| IDENTIFYING metallic black potion
   722 | D:1      | 722 ||| READING scroll of identify.
   722 | D:1      | 722 ||| IDENTIFYING 2 scrolls labelled ELUJUZ AWABB
   723 | D:1      | 723 ||| DROPPING scroll of butterflies.
   724 | D:1      | 724 ||| DROPPING 2 scrolls of fog.
   740 | D:2      | 740 ||| STAIRDANCE
   745 | D:2      | 745 ||| STAIRDANCE
   752 | D:2      | 752 ||| STAIRDANCE
   859 | D:2      | Reached XP level 3. HP: 18/18 MP: 4/4
  1195 | D:2      | 1195 ||| READING scroll labelled POTUCY LIKICK.
  1196 | D:2      | 1196 ||| READING 2 scrolls labelled VOHYOG VIASCH.
  1297 | D:2      | 1297 ||| READING scroll labelled TEJEIXK SOSCHED.
  1329 | D:2      | 1329 ||| READING 2 scrolls labelled TOD CINGAUCLAD.
  1332 | D:2      | 1332 ||| READING scroll labelled JINEJE EHUHE.
  1333 | D:2      | 1333 ||| READING scroll labelled DIFROA XOIZEV.
  1333 | D:2      | 1333 ||| ENCHANTING +0 shortbow.
  1334 | D:2      | 1334 ||| READING scroll labelled DENAXZ SUTHINO.
  1335 | D:2      | 1335 ||| DROPPING scroll of vulnerability.
  1358 | D:3      | 1358 ||| PLANNING SEWER
  1366 | D:3      | Found a broken altar of Ashenzari.
  1545 | D:3      | Found a radiant altar of Vehumet.
  1681 | D:3      | Found a glowing drain.
  1684 | D:3      | 1684 ||| READING scroll labelled FAIRIT IJURPHOR.
  1694 | Sewer    | Entered a sewer
  1728 | Sewer    | Reached XP level 4. HP: 22/22 MP: 5/5
  1786 | Sewer    | HP: 5/22 [poisoned by an adder]
  1787 | Sewer    | 1787 ||| READING scroll of teleportation.
  1792 | Sewer    | HP: 5/22 [constriction (1)]
  1794 | Sewer    | HP: 2/22 [ball python (1)]
  1794 | Sewer    | Slain by a rat

Levels and vault maps discovered:
D:1:      nicolae_arrival_somewhat_less_tricky_arrival, layout_basic,
          shapermc_ecumenical_altar_pompeii, kennysheep_boxes
D:2:      layout_rooms, minmay_pentomino_s4
D:3:      minmay_wonky_spiral, layout_basic, mainiacjoe_overflow_tiny_flanked,
          nicolae_vehumet_radiance, gup_sewer_entry_pipe
Sewer:    sewer_minmay_w

Skill      XL: |  1  2  3  4 |
---------------+-------------+-----
Dodging        | 3 4 5 |  5.1
Ranged Weapons | 5 |  5.0
Fighting       | |  1.6
Stealth        | |  1.5

Action                     |  1- 3 |  4- 6 || total
---------------------------+-------+-------++-------
   Fire: Shortbow          |   136 |    34 ||   170
    Use: Scroll            |    10 |     1 ||    11
 Armour: Robe              |     9 |    21 ||    30
  Dodge: Dodged            |    45 |    72 ||   117

Table legend:
 A = Non-vault XP
 B = Vault XP
 C = Vault XP percentage of total XP
 D = Non-vault monster count
 E = Vault monster count
 F = Vault count percentage of total count
                 A         B        C        D         E       F
            +---------+---------+-------+---------+---------+-------
      Total |      67 |      84 |  55.6 |      38 |      26 |  40.6
            +---------+---------+-------+---------+---------+-------
        D:1 |      32 |       0 |   0.0 |      20 |       0 |   0.0
        D:2 |      18 |       5 |  21.7 |      10 |       3 |  23.1
        D:3 |      17 |      10 |  37.0 |       8 |       5 |  38.5
      Sewer |       0 |      69 | 100.0 |       0 |      18 | 100.0
            +---------+---------+-------+---------+---------+-------
